 Dungeon Crawl Stone Soup version 0.28.0-53-g5a82cb258f (webtiles) character file.

Game seed: 8738806894043618034

1108 dranuc9 the Magician (level 8, -5/40 (42) HPs)
             Began as a Deep Elf Conjurer on June 26, 2022.
             Slain by an orc warrior
             ... wielding the +8 quarterstaff "Riraf" {drain, +Blink rElec rF+ rCorr}
              (18 damage)
             ... on level 5 of the Dungeon.
             The game lasted 00:46:54 (6922 turns).

dranuc9 the Magician (Deep Elf Conjurer)            Turns: 6922, Time: 00:46:55

HP:   -5/40 (42)    AC:  2    Str:  4    XL:     8   Next: 11%
MP:   16/20         EV: 13    Int: 26    God:
Gold: 209           SH:  0    Dex: 13    Spells: 18/21 levels left

rFire   . . .      SeeInvis .   i - +1 dagger (venom)
rCold   . . .      Faith    .   (no shield)
rNeg    + . .      Spirit   .   a - +0 robe
rPois   .          Reflect  .   (no helmet)
rElec   .          Harm     .   (no cloak)
rCorr   .          Rampage  .   (no gloves)
Will    +....                   (no boots)
Stlth   +++.......              (no amulet)
HPRegen 0.13/turn               h - ring of willpower
MPRegen 0.17/turn               t - ring of positive energy

@: lightly drained
A: no striking features
a: no special abilities


You were on level 5 of the Dungeon.
You visited 1 branch of the dungeon, and saw 5 of its levels.

You collected 209 gold pieces.

Inventory:

Hand Weapons
 i - a +1 dagger of venom (weapon)
 n - a +2 dagger of pain
 q - a +1 whip of electrocution
Missiles
 f - 22 arrows
 w - 2 silver javelins
 A - 7 poisoned darts
Armour
 a - a +0 robe (worn)
 r - an orb of energy
Jewellery
 h - a ring of willpower (left hand)
 j - an amulet of faith
 o - a ring of flight
 t - a ring of positive energy (right hand)
Wands
 m - a wand of digging (7)
 y - a wand of polymorph (7)
Scrolls
 c - 5 scrolls of identify
 s - a scroll of enchant armour {unknown}
 u - a scroll of torment {unknown}
 v - a scroll of fog {unknown}
 x - a scroll of amnesia {unknown}
Potions
 b - 2 potions of mutation
 d - a potion of invisibility
 e - a potion of cancellation
 g - a potion of curing
 k - 2 potions of lignification
 l - a potion of ambrosia {unknown}
 p - a potion of heal wounds
 z - a potion of might {unknown}


   Skills:
 + Level 0.7 Fighting
 * Level 3.1 Bows
 + Level 3.3 Dodging
 + Level 4.5 Stealth
 + Level 7.2 Spellcasting
 + Level 7.2 Conjurations
 * Level 3.3 Necromancy
 * Level 2.8 Fire Magic


You had 18 spell levels left.
You knew the following spells:

 Your Spells              Type           Power      Damage    Failure   Level
a - Magic Dart            Conj           100%       1d8       1%          1
b - Searing Ray           Conj           94%        2d7       1%          2

Your spell library contained the following spells:

 Spells                   Type           Power      Damage    Failure   Level
 Dazzling Flash           Conj/Hex       56%        N/A       4%          3
 Ensorcelled Hibernation  Hex/Ice        18%        N/A       10%         2
 Fulminant Prism          Conj/Hex       14%        3d9       14%         4
 Iskenderun's Mystic Bla  Conj/Tloc      28%        2d7       14%         4
 Spider Form              Tmut/Pois      9%         N/A       19%         3
 Anguish                  Hex/Necr       9%         N/A       30%         4


Dungeon Overview and Level Annotations

Branches:
Dungeon (5/15)
 Temple: D:4-7

Altars:
Elyvilon
Wu Jian

Shops:
D:1 :


Message History

(Press . to maintain the ray.)
The searing ray hits the iguana!
The iguana is severely wounded.
The searing ray hits the iguana!
You kill the iguana!
You start resting.
Magic restored.
An orc warrior comes into view.
It is wielding the +8 quarterstaff "Riraf" {drain, +Blink rElec rF+ rCorr}.
The orc warrior shouts!
Casting: Searing Ray (safe; 1% risk of failure)
Confirm with . or Enter, or press ? or * to list all spells.
Aiming: Searing Ray (safe; 1% risk of failure)
Press: ? - help, Shift-Dir - straight line, f - orc warrior
Aim: an orc warrior, wielding the +8 quarterstaff "Riraf" {drain, +Blink rElec rF+ rCorr} and wearing a +0 plate armour (82% to hit)
The searing ray hits the orc warrior.
The orc warrior is lightly wounded. (Press . to maintain the ray.)
You see here an adder skeleton.
There is an escape hatch in the ceiling here.
Casting: Searing Ray (safe; 1% risk of failure)
Confirm with . or Enter, or press ? or * to list all spells.
Aiming: Searing Ray (safe; 1% risk of failure)
Press: ? - help, Shift-Dir - straight line, f/p - orc warrior
Aim: an orc warrior, wielding the +8 quarterstaff "Riraf" {drain, +Blink rElec rF+ rCorr} and wearing a +0 plate armour (lightly wounded, 82% to hit)
The searing ray hits the orc warrior!
The orc warrior is moderately wounded. (Press . to maintain the ray.)
The searing ray hits the orc warrior but does no damage.
The orc warrior is moderately wounded.
The orc warrior hits you with the +8 quarterstaff "Riraf" {drain, +Blink rElec rF+ rCorr}!
You partially resist.
You feel drained.
The searing ray hits the orc warrior but does no damage.
The orc warrior is moderately wounded.
The orc warrior hits you with the +8 quarterstaff "Riraf" {drain, +Blink rElec rF+ rCorr}!
* * * LOW HITPOINT WARNING * * *
You partially resist.
You feel drained.
* * * LOW HITPOINT WARNING * * *
You feel better.
The orc warrior hits you with the +8 quarterstaff "Riraf" {drain, +Blink rElec rF+ rCorr}!!
You die...

###.......##...# #.#.# ... :.
###..##......### #.#.# #.... ..
#............#####.#.###n....##..
#..................†..†....###..
#..#########.......###.##......
...# #.......# #.# ##.# ..###
##.......###.# #.# #...#
#####.........##.# #.#
###.##..........@o..##.######.#
###....#####........##........#
.....### ########..#....>.###
####.# ##........# ####.#####
###......# ..##.....### ##.....#
#..........# #.....# ########....
#.....# ..# #######


You could see an orc warrior.

Vanquished Creatures
  3 necrophages (D:5)
  An ogre (D:4)
  A phantom (D:5)
  A scorpion (D:5)
  A water moccasin skeleton (D:5)
  A bullfrog zombie (D:5)
  2 hounds
  A bullfrog skeleton (D:5)
  An iguana (D:5)
  4 orc wizards
  2 scorpion zombies
  A hound zombie (D:5)
  2 hound skeletons
  12 adders
  3 gnolls (D:3)
  5 dart slugs
  10 orcs
  14 endoplasms
  6 giant cockroaches
  5 goblins
  5 hobgoblins
  9 jackals
  8 kobolds
  4 quokkas
  5 ball pythons
  4 bats
  4 frilled lizards
  5 rats
  A bush (D:3)
121 creatures vanquished.

Notes
Turn   | Place    | Note
-------+----------+-------------------------------------------
     0 | D:1      | dranuc9 the Deep Elf Conjurer began the quest for the Orb.
     0 | D:1      | Reached XP level 1. HP: 10/10 MP: 6/6
   277 | D:1      | Found Fiwkeb's Book Emporium.
   291 | D:1      | Reached XP level 2. HP: 15/15 MP: 5/8
   533 | D:1      | You fall into a shaft and drop 1 floor!
   556 | D:2      | Learned a level 2 spell: Searing Ray
   641 | D:2      | Reached skill level 5 in Conjurations
  1314 | D:1      | Reached XP level 3. HP: 19/19 MP: 6/9
  2690 | D:3      | Reached XP level 4. HP: 24/24 MP: 5/11
  3215 | D:3      | Reached XP level 5. HP: 28/28 MP: 10/13
  3878 | D:4      | Reached skill level 5 in Spellcasting
  4215 | D:4      | Reached XP level 6. HP: 32/32 MP: 10/16
  4934 | D:4      | Reached skill level 1 in Bows
  4934 | D:4      | Reached skill level 1 in Necromancy
  5393 | D:5      | Entered Level 5 of the Dungeon
  5404 | D:5      | Reached skill level 1 in Fire Magic
  5567 | D:5      | Reached XP level 7. HP: 36/36 MP: 12/18
  5631 | D:5      | Found a white marble altar of Elyvilon.
  5757 | D:5      | Found an ornate altar of the Wu Jian Council.
  6804 | D:5      | Reached XP level 8. HP: 42/42 MP: 14/20
  6902 | D:5      | Identified the +8 quarterstaff "Riraf" {drain, +Blink rElec
                  | rF+ rCorr}
  6922 | D:5      | Slain by an orc warrior

Illustrated notes

Levels and vault maps discovered:
D:1:      minmay_arrival_semitransparent, layout_basic, serial_shops, shop
D:2:      layout_basic
D:3:      layout_basic, minmay_hedge_maze, wander_ebering_terrifying_dragon_lair
D:4:      layout_basic, nicolae_concentric_dashed_squares_mild, chequers_avenue
D:5:      layout_rooms, mainiacjoe_overflow_two_lobes,
          minmay_stone_trees_medium, minmay_bent

Skill      XL: |  1  2  3  4  5  6  7 |
---------------+----------------------+-----
Conjurations   | 5 6 7 |  7.2
Stealth        | 3 4 |  4.5
Spellcasting   | 4 5 6 7 |  7.2
Dodging        | 3 |  3.3
Bows           | 1 3 |  3.1
Necromancy     | 1 3 |  3.3
Fire Magic     | 1 2 |  2.8
Fighting       | |  0.7

Action                   |  1- 3 |  4- 6 |  7- 9 || total
-------------------------+-------+-------+-------++-------
Melee: Dagger            |       |    54 |     1 ||    55
 Cast: Magic Dart        |    79 |   105 |    40 ||   224
       Searing Ray       |     3 |    14 |    26 ||    43
  Use: Scroll            |     5 |       |       ||     5
       Potion            |       |       |     2 ||     2
Armor: Robe              |       |     5 |       ||     5
Dodge: Dodged            |     9 |    22 |     5 ||    36
